Map: Abyssal Reef LE

Players

Harstem - Winner!

  • Race: Protoss Protoss
  • Spawn Location: 5:00

Kashim

  • Race: Zerg Zerg
  • Spawn Location: 11:00

Event: IEM XI Katowice - World Championship 2017

VOD

Have the link to the VOD?

Description

Time

  • Played on: Feb. 27, 2017, 5:03 a.m.
  • Length: 7:43

All games in this series

Show
View Real Time Build Order
Export as new Build Order

Harstem Protoss - Winner!

Build Orders: 1 Gate Expand, Oracle Opening 

Get SALT Encoding   

  12  0:01  Probe (Chrono Boost)  
  13  0:11  Probe (Chrono Boost)  
  14  0:18  Pylon  
  14  0:22  Probe (Chrono Boost)  
  15  0:36  Probe (Chrono Boost)  
  15  0:40  Gateway  
  16  0:46  Probe (Chrono Boost)  
  16  0:48  Assimilator  
  17  0:57  Probe (Chrono Boost)  
  18  1:08  Probe (Chrono Boost)  
  20  1:18  Probe (Chrono Boost)  
  20  1:27  Nexus  
  20  1:35  Cybernetics Core  
  20  1:38  Probe (Chrono Boost)  
  21  1:44  Assimilator  
  21  1:49  Probe (Chrono Boost)  
  22  1:54  Pylon  
  22  1:59  Probe (Chrono Boost)  
  23  2:12  Probe (Chrono Boost)  
  24  2:16  Stargate  
  24  2:19  Adept  
  26  2:24  Probe (Chrono Boost)  
  27  2:33  Warp Gate  
  27  2:36  Probe (Chrono Boost)  
  28  2:41  Probe (Chrono Boost)  
  29  2:47  Probe (Chrono Boost)  
  30  2:52  Probe (Chrono Boost)  
  30  2:54  Oracle  
  32  2:59  Probe (Chrono Boost)  
  32  3:00  Adept  
  32  3:03  Probe (Chrono Boost)  
  38  3:11  Probe (Chrono Boost)  
  39  3:15  Gateway, Probe (Chrono Boost)  
  40  3:23  Probe (Chrono Boost)  
  40  3:25  Probe (Chrono Boost)  
  42  3:27  Pylon  
  42  3:29  Oracle  
  42  3:32  Gateway  
  46  3:35  Probe (Chrono Boost)  
  46  3:45  Pylon, Probe (Chrono Boost)  
  46  3:47  Probe (Chrono Boost)  
  48  3:49  Adept  
  50  3:56  Probe (Chrono Boost)  
  50  3:59  Probe (Chrono Boost)  
  52  4:06  Probe (Chrono Boost)  
  52  4:07  Nexus  
  53  4:10  Pylon  
  53  4:16  Pylon  
  55  4:25  Probe (Chrono Boost), Mothership Core (Chrono Boost)  
  55  4:26  Pylon  
  56  4:37  Probe (Chrono Boost)  
  56  4:38  Adept x3  
  63  4:42  Assimilator  
  63  4:43  Probe (Chrono Boost)  
  63  4:44  Assimilator  
  64  4:47  Probe (Chrono Boost)  
  65  4:54  Probe (Chrono Boost)  
  65  4:55  Twilight Council  
  65  4:57  Robotics Facility  
  65  4:59  Pylon  
  67  5:01  Probe (Chrono Boost)  
  67  5:02  Forge  
  67  5:04  Probe (Chrono Boost)  
  68  5:12  Probe (Chrono Boost)  
  69  5:15  Probe (Chrono Boost)  
  70  5:26  Resonating Glaives  
  70  5:28  Probe (Chrono Boost)  
  71  5:32  Protoss Ground Weapons Level 1  
  71  5:34  Probe x2 (Chrono Boost)  
  70  5:39  Probe (Chrono Boost)  
  70  5:41  Gateway  
  71  5:44  Warp Prism  
  71  5:45  Gateway  
  71  5:46  Probe (Chrono Boost)  
  71  5:47  Gateway  
  71  5:49  Probe (Chrono Boost)  
  71  5:50  Probe (Chrono Boost), Gateway  
  71  5:56  Gateway  
  64  5:58  Pylon  
  64  6:00  Sentry x3  
  64  6:02  Probe (Chrono Boost)  
  71  6:08  Probe x2 (Chrono Boost)  
  73  6:12  Gateway  
  73  6:22  Probe x3 (Chrono Boost)  
  73  6:23  Adept x3  
  82  6:29  Pylon  
  83  6:32  Probe (Chrono Boost)  
  83  6:33  Probe (Chrono Boost)  
  83  6:34  Probe (Chrono Boost)  
  83  6:37  Adept  
  86  6:40  Assimilator  
  86  6:45  Assimilator  
  86  6:46  Adept x5, Probe (Chrono Boost)  
  99  6:52  Pylon, Observer  
  98  6:54  Sentry  
  98  6:55  Pylon  
  98  6:56  Sentry  
  98  6:57  Pylon  
  102  7:04  Adept  
  102  7:06  Adept x3  
  102  7:07  Adept  
  112  7:08  Sentry  
  112  7:10  Pylon  
  112  7:12  Pylon  
  112  7:13  Adept  
  116  7:27  Adept x6  
Show
View Real Time Build Order
Export as new Build Order

Kashim Zerg 

Build Orders: Hatch First 

Get SALT Encoding   

  12  0:01  Drone  
  13  0:13  Overlord  
  13  0:19  Drone  
  14  0:31  Drone x2  
  16  0:50  Hatchery  
  16  0:53  Drone  
  16  0:56  Drone  
  17  1:00  Drone  
  17  1:03  Extractor  
  17  1:18  Spawning Pool  
  16  1:20  Drone  
  16  1:23  Drone  
  18  1:30  Drone  
  19  1:39  Overlord  
  19  1:52  Drone  
  20  2:05  Metabolic Boost, Queen x2  
  24  2:10  Zergling x2  
  24  2:12  Zergling x2  
  27  2:15  Drone  
  27  2:36  Hatchery  
  26  2:43  Queen  
  28  2:49  Zergling x2  
  28  2:50  Drone  
  30  2:52  Drone  
  30  2:54  Drone  
  32  3:01  Overlord  
  32  3:05  Drone  
  33  3:07  Drone  
  33  3:09  Drone  
  35  3:24  Drone x5  
  40  3:27  Overlord  
  39  3:43  Overlord x2  
  39  3:44  Drone x3  
  42  3:49  Extractor  
  42  3:52  Extractor, Drone  
  42  3:53  Drone x2  
  37  4:08  Drone x2  
  37  4:09  Drone x4  
  43  4:13  Spore Crawler  
  43  4:17  Drone  
  43  4:19  Queen  
  45  4:27  Lair  
  45  4:29  Drone  
  44  4:39  Drone x2  
  44  4:41  Drone x4  
  50  4:46  Spore Crawler  
  50  4:48  Spore Crawler  
  48  4:53  Drone x3  
  48  4:54  Drone  
  52  5:02  Roach Warren, Drone  
  52  5:03  Zergling x2  
  53  5:11  Zergling x8  
  55  5:18  Zergling x8  
  56  5:25  Zergling x6  
  50  5:29  Zergling x4  
  50  5:34  Zergling x6  
  48  5:39  Zergling x4  
  48  5:40  Zergling x2  
  50  5:44  Zergling x4  
  50  5:45  Zergling x2  
  50  5:48  Drone x2  
  51  5:55  Queen  
  53  6:00  Drone x2  
  53  6:01  Drone  
  56  6:05  Evolution Chamber  
  47  6:31  Drone  
  47  6:32  Drone x11  
  52  6:35  Queen  
  54  6:40  Roach, Hydralisk Den  
  54  6:46  Roach  
  54  6:47  Roach  
  59  7:01  Roach x5  
  65  7:02  Extractor, Roach  
  65  7:04  Overseer  
  65  7:07  Overseer  
  70  7:14  Drone  
  70  7:15  Drone x2  
  73  7:17  Overlord x2  

Tags
 
Add a new tag
Caveats
  • Supply blocks, unpowered buildings, or Contaminate may cause inaccurate times.
  • Supply counts are checked every 10 seconds.